 Dungeon Crawl Stone Soup version 0.31.0-11-ge490571c62 (webtiles) character file.

Game seed: 11180480257790679991

108 SmokeWeed the Sneak (level 4, 0/28 HPs)
             Began as an Octopode Enchanter on Jan 30, 2024.
             Slain by Terence
             ... wielding a +0 morningstar
              (13 damage)
             ... on level 3 of the Dungeon.
             The game lasted 00:04:57 (1967 turns).

SmokeWeed the Sneak (Octopode Enchanter)            Turns: 1967, Time: 00:04:58

Health: 0/28       AC:  1    Str:  7    XL:     4   Next: 87%
Magic:  1/7        EV: 13    Int: 17    God:
Gold:   103        SH:  0    Dex: 14    Spells: 5/7 levels left

rFire   + . .        f - +0 short sword (flame)
rCold   x . .        (no shield)
rNeg    . . .        (helmet restricted)
rPois   .            (no amulet)
rElec   .            h - ring of fire
rCorr   .            (no ring)
SInv    .            (no ring)
Will    .....        (no ring)
Stlth   ++++         (no ring)
HPRegen 0.24/turn    (no ring)
MPRegen 0.10/turn    (no ring)
                     (no ring)

%: no passive effects
@: weak-willed
A: almost no armour, amphibious, 8 rings, camouflage 1, gelatinous body 1,
(nimble swimmer 1), tentacles
a: no special abilities


You were on level 3 of the Dungeon.
You visited 1 branch of the dungeon, and saw 3 of its levels.

You collected 103 gold pieces.

Inventory:

Hand Weapons
 a - a +1 dagger
 f - a +0 short sword of flaming (weapon)
 m - a +2 quarterstaff of chaos
Missiles
 p - a javelin (quivered)
Jewellery
 h - a ring of fire (left tentacle)
Talismans
 q - a serpent talisman
Potions
 b - a potion of invisibility
 c - 2 potions of attraction
 e - 3 potions of enlightenment
 g - a potion of curing {unknown}
 l - a potion of berserk rage {unknown}
 o - a potion of brilliance {unknown}
 r - 2 potions of degeneration {unknown}


   Skills:
 * Level 1.4 Fighting
 * Level 1.6 Short Blades
 * Level 2.3 Dodging
 * Level 5.9 Stealth
 * Level 2.2 Spellcasting
 + Level 3.3 Hexes


You had 5 spell levels left.
You knew the following spells:

 Your Spells              Type           Power      Damage    Failure   Level
a - Ensorcelled Hibernat  Hex/Ice        14%        N/A       14%         2

Your spell library contained the following spells:

 Spells                   Type           Power      Damage    Failure   Level
 Confusing Touch          Hex            13%        N/A       14%         3
 Tukima's Dance           Hex            13%        N/A       14%         3
 Apportation              Tloc           2%         N/A       19%         1
 Necrotise                Necr           4%         1d4       19%         1
 Sting                    Conj/Alch      4%         1d3       19%         1
 Summon Small Mammal      Summ           4%         N/A       19%         1
 Static Discharge         Conj/Air       2%         3-4/arc   28%         2
 Dazzling Flash           Conj/Hex       14%        N/A       28%         3
 Airstrike                Air            0%         2d(1-17)  88%         4
 Summon Lightning Spire   Summ/Air       1%         N/A       88%         4


Dungeon Overview and Level Annotations

Branches:
Dungeon (3/15)

Altars:
Makhleb

Annotations:
D:3 Terence


Innate Abilities, Weirdness & Mutations

You cannot wear most types of armour.
You are amphibious.
You can wear up to eight rings at the same time.
Your skin changes colour to match your surroundings (Stealth+).
Your rubbery body absorbs attacks. (AC +1, EV +1)
((You are camouflaged when in or above water. (Stealth+)))
You have tentacles for arms and can constrict up to eight enemies at once.


Message History

Confirm with . or Enter, or press ? or * to list all spells.
Aiming: Ensorcelled Hibernation (safe; 14% risk of failure)
Press: ? - help, Shift-Dir - straight line, f/p - Terence
Aim: Terence, wielding a +0 morningstar and wearing a +0 scale mail (chance to affect: 50%) Terence resists with some effort.
Casting: Ensorcelled Hibernation (safe; 14% risk of failure)
Confirm with . or Enter, or press ? or * to list all spells.
Aiming: Ensorcelled Hibernation (safe; 14% risk of failure)
Press: ? - help, Shift-Dir - straight line, f/p - Terence
Aim: Terence, wielding a +0 morningstar and wearing a +0 scale mail (chance to affect: 50%) Terence looks drowsy...
Terence shouts!
You hit Terence. You burn Terence. You grab Terence.
Terence is moderately wounded.
You constrict Terence, but do no damage.
Terence misses you.
Casting: Ensorcelled Hibernation (safe; 14% risk of failure)
Confirm with . or Enter, or press ? or * to list all spells.
Aiming: Ensorcelled Hibernation (safe; 14% risk of failure)
Press: ? - help, Shift-Dir - straight line, f - you, p - Terence That would be overly suicidal.
Okay, then.
Casting: Ensorcelled Hibernation (safe; 14% risk of failure)
Confirm with . or Enter, or press ? or * to list all spells.
Aiming: Ensorcelled Hibernation (safe; 14% risk of failure)
Press: ? - help, Shift-Dir - straight line, f - Terence
Aim: Terence, wielding a +0 morningstar and wearing a +0 scale mail (moderately wounded, constricted by you, not susceptible) Terence is unaffected.
You constrict Terence. Terence hits you with a +0 morningstar!
Ouch! That really hurt!
You hit Terence but do no damage.
Terence is moderately wounded.
You constrict Terence, but do no damage.
Terence misses you.
You hit Terence but do no damage.
Terence is moderately wounded.
You constrict Terence, but do no damage.
Terence hits you with a +0 morningstar!
You die...
Terence says, "Rest in peace."

#######.####
...........# .#
####.......# #.####
#......<# ....!#
##......####.....#
.......†..##......(#
#########.#.........
#.#...^....#
#.+.@@....#
###...##### #.###
#.# #.# #.# #.# #.#


You could see Terence.

Vanquished Creatures
  Crazy Yiuf (D:2)
  Jessica (D:2)
  An adder (D:2)
  A ribbon worm (D:2)
  An orc (D:3)
  5 bats
  4 endoplasms
  A giant cockroach (D:2)
  7 hobgoblins
  4 kobolds
  A quokka (D:1)
  9 ball pythons
  A frilled lizard (D:1)
  5 rats
42 creatures vanquished.

Notes
Turn   | Place    | Note
-------+----------+-------------------------------------------
     0 | D:1      | SmokeWeed the Octopode Enchanter began the quest for the
                  | Orb.
     0 | D:1      | Reached XP level 1. HP: 11/11 MP: 3/3
   113 | D:1      | Reached XP level 2. HP: 5/18 MP: 5/5
   455 | D:1      | Found a faded altar of an unknown god.
   819 | D:2      | Learned a level 2 spell: Ensorcelled Hibernation
   881 | D:2      | Reached XP level 3. HP: 22/22 MP: 6/6
  1128 | D:2      | Identified the +6 scale mail "Wiske" {Int+4}
  1176 | D:2      | Noticed Jessica
  1180 | D:2      | Killed Jessica
  1181 | D:2      | Reached skill level 1 in Fighting
  1181 | D:2      | Reached skill level 5 in Stealth
  1239 | D:2      | Reached XP level 4. HP: 25/28 MP: 7/7
  1441 | D:2      | Found a runed translucent door.
  1442 | D:2      | Noticed Crazy Yiuf
  1449 | D:2      | Killed Crazy Yiuf
  1846 | D:3      | Found a burning altar of Makhleb.
  1959 | D:3      | Noticed Terence
  1967 | D:3      | Slain by Terence

Illustrated notes

Levels and vault maps discovered:
D:1:      lemuel_arrival_tunnels, layout_basic,
          dreamdust_ecumenical_altar_hidden_monk_grotto
D:2:      layout_loops_ring, uniq_jessica, uniq_crazy_yiuf_cottage
D:3:      layout_basic, amethyst_overflow_temple_binary,
          mainiacjoe_overflow_small_starburst, uniq_natasha, uniq_terence

Skill      XL: |  1  2  3 |
---------------+----------+-----
Fighting       | 1 |  1.4
Stealth        | 5 |  5.9
Short Blades   | |  1.6
Dodging        | |  2.3
Spellcasting   | |  2.2
Hexes          | |  3.3

Action                     |  1- 3 |  4- 6 || total
---------------------------+-------+-------++-------
  Melee: Dagger            |    16 |       ||    16
         Tentacles         |    10 |     2 ||    12
         Constrict         |     9 |     6 ||    15
         Short sword       |    30 |    29 ||    59
         Punch             |     1 |       ||     1
  Throw: Javelin           |       |     1 ||     1
   Cast: Ensorcelled Hiber |     1 |     6 ||     7
    Use: Potion            |     1 |       ||     1
         Scroll            |       |     6 ||     6
   Stab: Sleeping          |     8 |     7 ||    15
         Invisible         |     1 |       ||     1
 Armour: Skin              |    14 |    15 ||    29
  Dodge: Dodged            |    18 |    13 ||    31
